Selects Airborne Battlegroup
Selects Smoke Bombing Run
Construct Weapon Support Center
Mechanized Support Center
Selects Paratrooper Squad Paradrop
Paratrooper Squad Paradrop
Paratrooper Squad Paradrop
Selects Anti-tank Gun Team Paradrop
M3 Armored Personnel Carrier
Improved M9 Bazooka Rockets
Paratrooper Squad Paradrop
Anti-tank Gun Team Paradrop
Selects Carpet Bombing Run
M3 Armored Personnel Carrier
M4A1(76) Sherman Medium Tank
Paratrooper Squad Paradrop